 Dungeon Crawl Stone Soup version 0.31-a0-441-g867994ef1c (webtiles) character file.

Game seed: 1570762953349891758

131 mopl the Insei (level 5, -1/34 HPs)
             Began as an Octopode Shapeshifter on Aug 2, 2023.
             Slain by Grinder (10 damage)
             ... on level 4 of the Dungeon.
             The game lasted 00:02:53 (1784 turns).

mopl the Insei (Octopode Shapeshifter)              Turns: 1784, Time: 00:02:55

Health: -1/34      AC:  1    Str: 14    XL:     5   Next: 14%
Magic:  5/5        EV: 13    Int: 10    God:
Gold:   108        SH:  0    Dex: 15    Spells: 4/4 levels left

rFire   . .          .
                       - Unarmed
rCold   . . .        (no shield)
rNeg    . . .        (helmet currently unavailable)
rPois   .            j - amulet of magic regeneration
rElec   .            i - ring of wizardry
rCorr   .            (no ring)
SInv    .            (no ring)
Will    .....        (no ring)
Stlth   ++           (no ring)
HPRegen 0.25/turn    (no ring)
MPRegen 0.49/turn    (no ring)
                     (no ring)

%: wizardry (x1)
@: beast-form
A: beast (slay +2), almost no armour, amphibious, 8 rings, camouflage 1,
gelatinous body 1, (nimble swimmer 1), tentacles
a: Begin Untransformation


You were on level 4 of the Dungeon.
You were a hulking beast.
You visited 1 branch of the dungeon, and saw 4 of its levels.

You collected 108 gold pieces.

Inventory:

Jewellery
 i - a ring of wizardry (left tentacle)
 j - an amulet of magic regeneration (around mantle)
Talismans
 b - a beast talisman (active)
 p - a granite talisman
Scrolls
 e - 2 scrolls of revelation {unknown}
 h - 3 scrolls of immolation {unknown}
 l - a scroll of teleportation {unknown}
 m - a scroll of silence {unknown}
 n - a scroll of identify {unknown}
 q - a scroll of enchant weapon {unknown}
Potions
 a - 2 potions of lignification {!q}
 c - 3 potions of brilliance {unknown}
 d - a potion of enlightenment {unknown}
 f - 2 potions of heal wounds {unknown}
 g - a potion of curing {unknown}
 k - a potion of might {unknown}
 o - 2 potions of cancellation {unknown}


   Skills:
 + Level 2.1 Fighting
 + Level 2.6 Dodging
 * Level 4.0 Unarmed Combat
 * Level 3.8 Shapeshifting


You had 4 spell levels left.
You didn't know any spells.
Your spell library contained the following spells:

 Spells                   Type           Power      Damage    Failure   Level
 Magic Dart               Conj           0%         1d3       16%         1
 Call Imp                 Summ           0%         N/A       22%         2
 Mephitic Cloud           Conj/Pois/Air  0%         N/A       41%         3


Dungeon Overview and Level Annotations

Branches:
Dungeon (4/15)
 Temple: D:4-7

Altars:
Ashenzari
Gozag
Kikubaaqudgha
Makhleb
Zin

Annotations:
D:4 Grinder


Innate Abilities, Weirdness & Mutations

You are a hulking beast.
Your limbs bulge with bestial killing power. (Slay +2)
You cannot wear most types of armour.
You are amphibious.
You can wear up to eight rings at the same time.
Your skin changes colour to match your surroundings (Stealth+).
Your rubbery body absorbs attacks. (AC +1, EV +1)
((You are camouflaged when in or above water. (Stealth+)))
You have tentacles for arms and can constrict up to eight enemies at once.


Message History

You squeeze the hound.
You kill the hound!
Grinder blinks!
Your Fighting skill increases to level 2!
Your Unarmed Combat skill increases to level 4!
You have reached level 5!
You feel agile.
Unknown command.
Found an ivory wand.
Found 17 gold pieces.
Grinder closely misses you.
You closely miss Grinder. Your grab misses Grinder. Grinder hits you.
You writhe in agony.
You tentacle-slap Grinder. Your grab misses Grinder. You squeeze Grinder.
Grinder is lightly wounded.
Grinder completely misses you.
You tentacle-slap Grinder. Your grab misses Grinder.
Grinder is moderately wounded.
Grinder hits you!
You writhe in agony.
You are too injured to fight recklessly!
You are too injured to fight recklessly!
You tentacle-slap Grinder. Your grab misses Grinder.
Grinder is moderately wounded.
Grinder closely misses you.
You closely miss Grinder. You grab Grinder.
Grinder is moderately wounded.
You constrict Grinder, but do no damage.
Grinder hits you.
You writhe in agony.
* * * LOW HITPOINT WARNING * * *
You tentacle-slap Grinder but do no damage.
Grinder is moderately wounded.
You constrict Grinder. Grinder gestures at you.
You barely resist.
You tentacle-slap Grinder but do no damage.
You squeeze Grinder!
Grinder is severely wounded.
You constrict Grinder.
Grinder rolls her eyes.
Grinder hits you!
You die...

.. .. . .. #.#..
#.# ..
..####.#.##..##...
.......#.#........
..#|........#.....
....<....<......#
...............##
........#.†....#
......5h.......#
#...........####
#......##..##
#.).... ...#
##..... .....
##....#####/$
#.... ### .....


You could see Grinder.

Vanquished Creatures
  A hound (D:4)
  4 adders
  2 dart slugs
  An orc (D:2)
  5 endoplasms
  2 giant cockroaches
  3 hobgoblins (D:1)
  2 jackals (D:1)
  4 kobolds
  5 quokkas
  5 ball pythons
  2 bats
  3 frilled lizards
  14 goblins
  6 rats
59 creatures vanquished.

Notes
Turn   | Place    | Note
-------+----------+-------------------------------------------
     0 | D:1      | mopl the Octopode Shapeshifter began the quest for the Orb.
     0 | D:1      | Reached XP level 1. HP: 13/13 MP: 1/1
   104 | D:1      | Reached XP level 2. HP: 9/18 MP: 2/2
   312 | D:1      | Reached XP level 3. HP: 23/23 MP: 3/3
   863 | D:2      | Reached XP level 4. HP: 18/29 MP: 4/4
  1286 | D:3      | Found a faded altar of an unknown god.
  1716 | D:3      | Found a burning altar of Makhleb.
  1718 | D:3      | Found a glowing silver altar of Zin.
  1718 | D:3      | Found an opulent altar of Gozag.
  1718 | D:3      | Found a broken altar of Ashenzari.
  1721 | D:3      | Found an ancient bone altar of Kikubaaqudgha.
  1771 | D:4      | Noticed Grinder
  1775 | D:4      | Reached skill level 2 in Fighting
  1775 | D:4      | Reached skill level 4 in Unarmed Combat
  1775 | D:4      | Reached XP level 5. HP: 29/34 MP: 5/5
  1784 | D:4      | Slain by Grinder

Illustrated notes

Levels and vault maps discovered:
D:1:      nicolae_arrival_washed_ashore, layout_rooms
D:2:      layout_rooms
D:3:      wander_river, layout_loops_ring, minitemple,
          nicolae_ecumenical_oubliette
D:4:      layout_rooms, minmay_temple_entry_statues,
          gammafunk_ghost_abyssal_escape, serial_shops, shop, uniq_natasha,
          uniq_grinder

Skill      XL: |  1  2  3  4 |
---------------+-------------+-----
Fighting       | 2 |  2.1
Unarmed Combat | 4 |  4.0
Dodging        | |  2.6
Shapeshifting  | |  3.8

Action                     |  1- 3 |  4- 6 || total
---------------------------+-------+-------++-------
  Melee: Unarmed           |    66 |    42 ||   108
         Constrict         |    19 |    12 ||    31
         Tentacles         |     8 |     6 ||    14
         Punch             |     3 |     2 ||     5
   Stab: Sleeping          |     3 |     5 ||     8
 Armour: Skin              |     5 |     1 ||     6
  Dodge: Dodged            |    37 |    22 ||    59

Table legend: (Time is in decaauts)
 A = Elapsed time spent in this place.
 B = Non-inter-level travel time spent in this place.
 C = Inter-level travel time spent in this place.
 D = Time resting spent in this place.
 E = Time spent auto-exploring this place.
 F = Levels seen in this place.
 G = Mean time per level.
                   A        B        C        D        E       F      G
               +--------+--------+--------+--------+--------+-----+--------+
         Total |   1778 |   1577 |    201 |    168 |   1028 |   4 |  444.5 |
       Dungeon |   1778 |   1577 |    201 |    168 |   1028 |   4 |  444.5 |
               +--------+--------+--------+--------+--------+-----+--------+

Top non-repeatable levels by time:
     D:3: 758 daAuts
     D:1: 546 daAuts
     D:2: 462 daAuts
     D:4: 12 daAuts
